 Dungeon Crawl Stone Soup version 0.18-b1-18-g7758cf2 (webtiles) character file.

23271 Chiseanne the Destroyer (level 12, -7/92 HPs)
             Began as a Demonspawn Wizard on May 2, 2016.
             Was an Initiate of Gozag.
             Shot with an arrow by a centaur warrior (21 damage)
             ... on level 13 of the Dungeon on May 3, 2016.
             The game lasted 01:33:59 (18860 turns).

Chiseanne the Destroyer (Demonspawn Wizard)        Turns: 18860, Time: 01:33:59

Health: -7/92      AC:  8    Str:  7    XL:     12   Next: 70%
Magic:  0/36       EV: 16    Int: 25    God:    Gozag
Gold:   319        SH:  7    Dex: 12    Spells: 7 memorised, 17 levels left

rFire  + . .     SeeInvis +     s - +12 mace "Wyhonuog" {pain, +Inv rC+}
rCold  + . .     Gourm    .     J - +2 robe {rN+}
rNeg   + . .     Faith    .     g - +2 buckler
rPois  +         Spirit   +     Z - +0 hat "Qumpuam" {rPois MR++ MP+9}
rElec  .         Dismiss  .     B - +0 cloak
rCorr  .         Reflect  .     (no gloves)
SustAt .         Harm     .     i - +1 pair of boots
MR     ++...                    G - amulet of magic regeneration
Stlth  ++........               x - ring of protection from fire
                                T - ring of see invisible

@: repel missiles, very resistant to hostile enchantments, unstealthy
A: talons 1, icy blue scales 1, foul stench 1, magic shield, magic regeneration,
magic link, rot immunity
a: Potion Petition, Call Merchant, Bribe Branch, Renounce Religion, Evoke
Invisibility


You were on level 13 of the Dungeon.
You worshipped Gozag.
Gozag was noncommittal.
You were full.

You visited 2 branches of the dungeon, and saw 14 of its levels.
You also visited: Bailey.

You collected 2917 gold pieces.
You spent 1195 gold pieces at shops.
You paid 1403 gold pieces to Gozag.

Inventory:

Hand Weapons
 a - the +2 flail of Amorality {crush, rElec MR+ Str-3}
   (You bought it in a shop on level 9 of the Dungeon)

   It inflicts extra damage upon your enemies.
   It affects your strength (-3).
   It insulates you from electricity.
   It affects your resistance to hostile enchantments.
 d - a +2 scimitar of protection
 s - the +12 mace "Wyhonuog" (weapon) {pain, +Inv rC+}
   (You bought it in a shop on level 9 of the Dungeon)

   In the hands of one skilled in necromantic magic, it inflicts extra damage on
   living creatures.
   It protects you from cold.
   It lets you turn invisible.
 Y - the +12 spear of Revolt {pierce, rN+}
   (You bought it in a shop on level 12 of the Dungeon)

   It inflicts extra damage upon your enemies.
   It protects you from negative energy.
Missiles
 l - 321 stones (quivered)
 u - 127 bolts
 v - 59 sling bullets
 F - 33 poisoned needles
Armour
 g - a +2 buckler (worn)
 i - a +1 pair of boots (worn)
 w - a +0 large shield
 B - a +0 cloak (worn)
 J - a +2 robe of positive energy (worn)
 W - a +0 hat of intelligence
 X - the +0 mask of the Dragon {MR+ Slay+3 SInv}
   (You found it on level 11 of the Dungeon)

   It affects your accuracy and damage with ranged weapons and melee attacks
   (+3).
   It affects your resistance to hostile enchantments.
   It lets you see invisible.
 Z - the +0 hat "Qumpuam" (worn) {rPois MR++ MP+9}
   (You found it on level 11 of the Dungeon)

   It protects you from poison.
   It affects your resistance to hostile enchantments.
   It affects your magic capacity (+9).
Jewellery
 h - an uncursed ring of protection from cold
 x - a ring of protection from fire (right hand)
 A - an uncursed ring of positive energy
 G - an amulet of magic regeneration (around neck)
 T - a ring of see invisible (left hand)
Wands
 n - a wand of iceblast (0/15)
 O - a wand of teleportation (5/9)
 U - a wand of disintegration (4/24)
 V - a wand of slowing (22/48)
Scrolls
 j - 5 scrolls of teleportation
 k - a scroll of amnesia
 o - a scroll of fear
 D - 7 scrolls of remove curse
 M - a scroll of blinking
 P - 3 scrolls of identify
 R - a scroll of recharging
Potions
 e - 3 potions of resistance
 f - 2 potions of lignification
 q - 2 potions of haste
 r - 3 potions of curing
 t - a potion of cancellation
 C - a potion of agility
 E - 2 potions of ambrosia
 H - 4 potions of berserk rage
 K - 6 potions of heal wounds
 L - 3 potions of might
 N - 3 potions of magic
 Q - 2 potions of cure mutation
Books
 c - a book of Minor Magic

   Spells                             Type                      Level
   a - Magic Dart                     Conjuration                  1
   b - Blink                          Translocation                2
   c - Call Imp                       Summoning                    2
   d - Repel Missiles                 Charms/Air                   2
   e - Slow                           Hexes                        2
   f - Conjure Flame                  Conjuration/Fire             3
   g - Mephitic Cloud                 Conjuration/Poison/Air       3
 m - a book of Debilitation

   Spells                             Type                      Level
   a - Corona                         Hexes                        1
   b - Slow                           Hexes                        2
   c - Gell's Gravitas                Hexes/Translocation          3
   d - Inner Flame                    Hexes/Fire                   3
   e - Cause Fear                     Hexes                        4
   f - Leda's Liquefaction            Hexes/Earth                  4
 p - a book of the Sky

   Spells                             Type                      Level
   a - Summon Lightning Spire         Summoning/Air                4
   b - Airstrike                      Air                          4
   c - Silence                        Hexes/Air                    5
   d - Deflect Missiles               Charms/Air                   6
   e - Conjure Ball Lightning         Conjuration/Air              6
   f - Tornado                        Air                          9
 y - a book of Maledictions

   Spells                             Type                      Level
   a - Corona                         Hexes                        1
   b - Ensorcelled Hibernation        Hexes/Ice                    2
   c - Confuse                        Hexes                        3
   d - Tukima's Dance                 Hexes                        3
   e - Dazzling Spray                 Conjuration/Hexes            3
Comestibles
 b - 4 meat rations
 I - 6 fruits
 S - 3 bread rations


   Skills:
 - Level 8.0 Fighting
 * Level 7.8 Dodging
 - Level 1.7 Stealth
 - Level 4.3 Shields
 * Level 11.8 Spellcasting
 * Level 12.3 Conjurations
   Level 1.0 Summonings
 - Level 0.8 Translocations


You had 17 spell levels left.
You knew the following spells:

 Your Spells              Type           Power        Failure   Level  Hunger
a - Magic Dart            Conj           ####         1%          1    None
b - Dazzling Spray        Conj/Hex       #####...     1%          3    None
c - Repel Missiles        Chrm/Air       ##....       10%         2    None
d - Mephitic Cloud        Conj/Pois/Air  #####...     1%          3    None
e - Conjure Flame         Conj/Fire      #####...     1%          3    None
f - Inner Flame           Hex/Fire       ##......     14%         3    None
g - Blink                 Tloc           N/A          6%          2    None


Dungeon Overview and Level Annotations

Branches:
Dungeon (13/15)            Temple (1/1) D:6            Lair (0/8) D:9
    Orc (0/2) D:9
 Vaults: D:13-14

Altars:
Ashenzari
Cheibriados
Dithmenos
Elyvilon
Gozag
Kikubaaqudgha
Makhleb
Nemelex Xobeh
Okawaru
Pakellas
Qazlal
Ru
Sif Muna
Vehumet
Xom
Yredelemnul
Zin
The Shining One

Shops:
D:6 %(   D:9 (   D:12 (

Annotations:
D:3 Grinder
D:4 Eustachio


Innate Abilities, Weirdness & Mutations

You have sharp toenails.
You are partially covered in icy blue scales (AC +1).
You may emit foul miasma when damaged in melee.
When hurt, damage is shared between your health and your magic reserves.
You regenerate magic rapidly.
When low on magic, you restore magic in place of health.
You are immune to rotting.


Message History

Unknown command.
Casting: Dazzling Spray
Confirm with . or Enter, or press ? or * to list all spells.
Aiming: Magic Dart
Press: ? - help, Shift-Dir - straight line, f/p - centaur warrior
Aim: a centaur warrior, wielding a shortbow (almost dead, blind)
The magic dart hits the centaur warrior.
The centaur warrior is almost dead.
The centaur warrior shoots an arrow.
The arrow misses you.
The centaur warrior shoots an arrow.
The arrow is repelled.
Casting: Magic Dart
Confirm with . or Enter, or press ? or * to list all spells.
Aiming: Magic Dart
Press: ? - help, Shift-Dir - straight line, f/p - centaur warrior
Aim: a centaur warrior, wielding a shortbow (severely wounded, blind)
The magic dart hits the centaur warrior.
The centaur warrior is almost dead.
The centaur warrior shoots an arrow.
The arrow hits you!!
You die...
Your body crumbles into a pile of gold.

#......#...# #...#..#
#......#...# #...#..#
#......#...# #......#
.......#...# #......#
.......#...####..###.#
.......#......(..# .#
....<.....######.# #
.......##.# #.#
.......##.# #@# .
.......##.# #ยง###....
.......##.# #(....#
...#...##.# #.....#
...#...##.# #$..$.#
...#...##.# #.$.c.#
#.# #.....# #.....#
#.....#


You could see a centaur warrior (blind).

Vanquished Creatures
  Gastronok (D:10)
  2 hydras
  Erolcha (D:8)
  An unseen horror (D:12)
  The ghost of SkaryMonk the Covert, a novice OpAs of Dithmenos (Bailey)
  A hill giant (D:12)
  2 deep elf magi (D:11)
  An ugly thing (D:13)
  A manticore (D:12)
  A cyclops (D:12)
  Joseph (D:9)
  Maurice (D:9)
  5 centaur zombies
  Psyche (D:9)
  6 trolls
  19 yaks
  A basilisk (D:11)
  2 wyverns
  The ghost of grippy the Skirmisher, an amateur HuBe of Trog (D:3)
  2 hungry ghosts
  3 hippogriffs
  A vampire mosquito (D:13)
  A soldier ant (D:10)
  4 black bears
  7 orc warriors
  A swamp drake (D:11)
  2 ice beasts
  8 sky beasts
  4 phantoms
  2 wasps
  5 ogres
  An eye of draining (D:12)
  22 centaurs
  4 big kobolds
  6 giant frogs
  2 jellies
  3 scorpions
  14 wights
  4 howler monkeys
  10 crimson imps
  5 giant frog zombies
  5 hounds
  A quasit (D:9)
  8 orc priests
  A giant frog skeleton (D:4)
  An iron imp (D:11)
  14 orc wizards
  2 centaur skeletons
  A gnoll shaman (D:9)
  3 iguanas
  5 worker ants
  3 worker ant zombies
  26 gnolls
  A howler monkey skeleton (D:9)
  14 adders
  A shadow imp (D:5)
  A white imp (D:11)
  2 oozes
  2 adder skeletons
  2 worms
  6 dart slugs
  7 giant geckos
  52 orcs
  6 bats
  7 giant cockroaches
  8 goblins
  15 hobgoblins
  9 jackals
  36 kobolds
  9 quokkas
  2 ball pythons
  2 giant gecko skeletons
  A giant gecko zombie (D:6)
  4 giant newts
  13 rats
  A spectral orc (D:2)
  4 fungi (D:9)
  A plant (D:4)
436 creatures vanquished.

Vanquished Creatures (others)
  An orc wizard (D:9)
  A shadow imp (D:11)
  2 orcs (D:11)
  6 plants (D:4)
10 creatures vanquished.

Grand Total: 446 creatures vanquished

Notes
Turn   | Place    | Note
--------------------------------------------------------------
     0 | D:1      | Chiseanne the Demonspawn Wizard began the quest for the Orb.
     0 | D:1      | Reached XP level 1. HP: 13/13 MP: 4/4
   332 | D:1      | Gained mutation: You are partially covered in icy blue scales (AC +1). [demonic ancestry]
   332 | D:1      | Reached XP level 2. HP: 19/19 MP: 0/6
   492 | D:2      | Learned a level 2 spell: Blink
   495 | D:2      | Learned a level 2 spell: Repel Missiles
   791 | D:1      | Reached skill level 2 in Conjurations
   940 | D:1      | Reached skill level 1 in Shields
  1127 | D:1      | Gained mutation: When hurt, damage is shared between your health and your magic reserves. [demonic ancestry]
  1127 | D:1      | Reached XP level 3. HP: 24/24 MP: 1/7
  1402 | D:1      | Learned a level 3 spell: Mephitic Cloud
  1986 | D:2      | Found a white marble altar of Elyvilon.
  3062 | D:2      | Gained mutation: You are immune to rotting. [demonic ancestry]
  3062 | D:2      | Reached XP level 4. HP: 30/30 MP: 4/9
  3267 | D:2      | Found a basalt altar of Yredelemnul.
  3565 | D:3      | Noticed grippy's ghost (amateur HuBe)
  3814 | D:2      | Reached skill level 3 in Conjurations
  3814 | D:2      | Gained mutation: You may emit foul miasma when damaged in melee. [demonic ancestry]
  3814 | D:2      | Reached XP level 5. HP: 30/35 MP: 2/10
  4137 | D:4      | Noticed an ogre
  4153 | D:4      | Killed an ogre
  4153 | D:4      | Reached XP level 6. HP: 41/41 MP: 0/12
  4479 | D:3      | Noticed Grinder
  4679 | D:4      | Found a white marble altar of Elyvilon.
  4704 | D:4      | Got a heavy robe
  4727 | D:4      | Noticed Eustachio
  4737 | D:3      | Found a shimmering altar of Xom.
  5246 | D:3      | Learned a level 3 spell: Conjure Flame
  5280 | D:3      | Found an ancient bone altar of Kikubaaqudgha.
  5296 | D:3      | Reached skill level 4 in Conjurations
  5329 | D:2      | Identified the +1 robe of Serendipity {*Confuse +Blink Dex+4} (You took it off a gnoll on level 4 of the Dungeon)
  5745 | D:3      | Gained mutation: You regenerate magic rapidly. [demonic ancestry]
  5745 | D:3      | Reached XP level 7. HP: 43/46 MP: 0/14
  5886 | D:3      | Killed grippy's ghost
  5886 | D:3      | Reached skill level 5 in Spellcasting
  6464 | D:5      | Entered Level 5 of the Dungeon
  6692 | D:5      | Reached skill level 5 in Conjurations
  6707 | D:5      | Reached skill level 1 in Fighting
  6838 | D:5      | Gained mutation: When low on magic, you restore magic in place of health. [demonic ancestry]
  6838 | D:5      | Reached XP level 8. HP: 41/56 MP: 3/16
  7033 | D:5      | Found an oddly glowing altar of Pakellas.
  7759 | D:6      | Reached skill level 6 in Conjurations
  8013 | D:6      | Found a shattered altar of Ashenzari.
  8061 | D:6      | Found Qonor's Food Shop.
  8285 | D:6      | Found a staircase to the Ecumenical Temple.
  8370 | Temple   | Entered the Ecumenical Temple
  8394 | Temple   | Became a worshipper of Gozag Ym Sagoz the Greedy
  8435 | D:6      | Found Worikhai's Antique Weapon Shoppe.
  8443 | D:6      | Bought a glowing rapier for 108 gold pieces
  8886 | D:6      | Found an iron altar of Okawaru.
  8904 | D:6      | Reached XP level 9. HP: 55/66 MP: 11/19
  9027 | D:6      | Reached skill level 7 in Conjurations
  9107 | D:6      | Learned a level 3 spell: Inner Flame
  9294 | D:7      | Got a smoking leather armour
  9295 | D:7      | Identified the cursed +0 leather armour of a Thousand Runes {-Cast +Inv MR- Str+8} (You found it on level 7 of the Dungeon)
  9382 | D:7      | Reached skill level 5 in Fighting
  9402 | D:7      | Found a sparkling altar of Nemelex Xobeh.
  9675 | D:7      | Found a snail-covered altar of Cheibriados.
 10372 | D:8      | Noticed Erolcha
 10380 | D:8      | Found a flagged portal.
 10398 | Bailey   | Entered a bailey
 10409 | Bailey   | Noticed SkaryMonk's ghost (novice OpAs)
 10436 | Bailey   | Killed SkaryMonk's ghost
 10436 | Bailey   | Reached skill level 8 in Conjurations
 10839 | D:8      | Killed Erolcha
 10839 | D:8      | Gained mutation: You have sharp toenails. [demonic ancestry]
 10839 | D:8      | Reached XP level 10. HP: 70/77 MP: 2/22
 11075 | D:8      | Noticed a six-headed hydra
 11089 | D:8      | Killed a six-headed hydra
 11089 | D:8      | Reached skill level 9 in Conjurations
 11783 | D:9      | Noticed Maurice
 11784 | D:9      | Killed Maurice
 12047 | D:9      | Gained mutation: You are resistant to hostile enchantments. [potion of mutation]
 12047 | D:9      | Gained mutation: You tend to lose your temper in combat. [potion of mutation]
 12047 | D:9      | Gained mutation: You possess an exceptional clarity of mind. [potion of mutation]
 12048 | D:9      | Lost mutation: You possess an exceptional clarity of mind. [potion of cure mutation]
 12048 | D:9      | Lost mutation: You tend to lose your temper in combat. [potion of cure mutation]
 12048 | D:9      | Lost mutation: You are resistant to hostile enchantments. [potion of cure mutation]
 12237 | D:9      | Found a staircase to the Lair.
 12293 | D:9      | Noticed Joseph
 12357 | D:9      | Killed Joseph
 12516 | D:9      | Noticed Psyche
 12523 | D:9      | Killed Psyche
 12666 | D:9      | Reached XP level 11. HP: 86/86 MP: 19/24
 12683 | D:9      | Learned a level 3 spell: Dazzling Spray
 12913 | D:9      | Found a staircase to the Orcish Mines.
 12933 | D:9      | Reached skill level 10 in Conjurations
 13559 | D:9      | Bought a crystal mace for 288 gold pieces
 13559 | D:9      | Identified the +12 mace "Wyhonuog" {pain, +Inv rC+} (You bought it in a shop on level 9 of the Dungeon)
 13564 | D:9      | Bought a twisted flail for 306 gold pieces
 13566 | D:9      | Identified the +2 flail of Amorality {crush, rElec MR+ Str-3} (You bought it in a shop on level 9 of the Dungeon)
 13588 | D:10     | Entered Level 10 of the Dungeon
 13814 | D:10     | Noticed Gastronok
 13834 | D:10     | Reached skill level 10 in Spellcasting
 14792 | D:10     | Killed Gastronok
 14792 | D:10     | Reached skill level 5 in Dodging
 15673 | D:11     | Reached skill level 11 in Conjurations
 15811 | D:11     | Noticed a deep elf mage
 15821 | D:11     | Noticed a deep elf mage
 15844 | D:11     | Killed a deep elf mage
 15973 | D:11     | Killed a deep elf mage
 16020 | D:11     | Got an ichor-stained hat
 16026 | D:11     | Identified the +0 hat "Qumpuam" {rPois MR++ MP+9} (You found it on level 11 of the Dungeon)
 16216 | D:11     | Reached XP level 12. HP: 79/92 MP: 8/26
 17145 | D:12     | Found an opulent altar of Gozag.
 17694 | D:12     | Bought a brightly glowing spear for 272 gold pieces
 17697 | D:12     | Identified the +12 spear of Revolt {pierce, rN+} (You bought it in a shop on level 12 of the Dungeon)
 17766 | D:12     | Found a deep blue altar of Sif Muna.
 18087 | D:12     | Reached skill level 12 in Conjurations
 18706 | D:12     | Bought a brightly glowing hunting sling for 221 gold pieces
 18783 | D:12     | Identified the cursed +0 hunting sling "Xung" {velocity, *Contam rN+++ Str+6 Dex-3} (You bought it in a shop on level 12 of the Dungeon)
 18837 | D:13     | Noticed a centaur warrior
 18843 | D:13     | Noticed a six-headed hydra
 18851 | D:13     | Killed a six-headed hydra
 18860 | D:13     | Shot with an arrow by a centaur warrior

Skill      XL: |  1  2  3  4  5  6  7  8  9 10 11 12 |
---------------+-------------------------------------+-----
Conjurations   | 2 3 4 5 6 8 9 11 12 | 12.3
Shields        | 1 2 3 4 |  4.3
Spellcasting   | 4 5 6 8 9 10 11 | 11.8
Fighting       | 1 4 6 8 |  8.0
Dodging        | 3 6 7 |  7.8
Stealth        | |  1.7
Summonings     | |  1.0
Translocations | |  0.8

Action                   |  1- 3 |  4- 6 |  7- 9 | 10-12 || total
-------------------------+-------+-------+-------+-------++-------
Melee: Unarmed           |    29 |       |       |       ||    29
       Club              |    40 |    18 |       |       ||    58
       Rapier            |       |   130 |   190 |    71 ||   391
       Mace              |       |       |       |   168 ||   168
Throw: Stone             |       |       |       |     1 ||     1
 Cast: Magic Dart        |   131 |   168 |   445 |   524 ||  1268
       Repel Missiles    |     1 |     1 |     3 |     5 ||    10
       Mephitic Cloud    |       |     8 |    37 |    56 ||   101
       Blink             |       |     2 |     6 |    21 ||    29
       Conjure Flame     |       |       |    22 |    39 ||    61
       Inner Flame       |       |       |     1 |    21 ||    22
       Dazzling Spray    |       |       |       |    79 ||    79
Invok: Call Merchant     |       |       |       |     2 ||     2
Evoke: Wand              |       |       |     1 |     8 ||     9
  Use: Scroll            |     5 |     6 |    12 |    11 ||    34
       Potion            |       |     2 |       |     6 ||     8
 Stab: Sleeping          |       |     1 |       |       ||     1
       Confused          |       |     1 |     3 |     5 ||     9
       Paralysed         |       |       |     5 |       ||     5
       Distracted        |       |       |       |     2 ||     2
       Invisible         |       |       |       |     3 ||     3
  Eat: Chunk             |     5 |    10 |    10 |       ||    25
       Beef jerky        |       |       |     4 |     5 ||     9
       Pizza             |       |       |     1 |       ||     1
       Fruit             |       |       |       |    18 ||    18
       Bread ration      |       |       |       |     2 ||     2
Armor: Robe              |    23 |    55 |    69 |    92 ||   239
Dodge: Dodged            |    51 |    83 |   112 |   187 ||   433
       Deflected         |     1 |     3 |     6 |    10 ||    20
Block: Buckler           |    26 |    64 |    95 |   139 ||   324
